 Dungeon Crawl Stone Soup version 0.27.0-66-gdc8fb28755 (webtiles) character file.

Game seed: 6004064826699894490

27 robertstho the Shield-Bearer (level 3, -3/43 HPs)
             Began as a Formicid Fighter on Aug 20, 2021.
             Slain by Sigmund (4 damage)
             ... on level 2 of the Dungeon.
             The game lasted 00:01:29 (1340 turns).

robertstho the Shield-Bearer (Formicid Fighter)     Turns: 1340, Time: 00:01:31

Health: -3/43      AC: 21    Str: 18 (21) XL:     3   Next: 25%
Magic:  3/3        EV:  2    Int:  4 (7)  God:
Gold:   59         SH:  9    Dex:  7 (10) Spells: 2/2 levels left

rFire    . . .     SeeInvis .   a - +0 long sword
rCold    . . .     Faith    .   c - +0 kite shield
rNeg     + + +     Spirit   .   (armour currently unavailable)
rPois    +         Reflect  .   (helmet unavailable)
rElec    .         Harm     .   (cloak currently unavailable)
rCorr    .         Rampage  .   (gloves currently unavailable)
Will     .....                  (boots currently unavailable)
Stlth    +.........             (no amulet)
HPRegen  0.14/turn              (no ring)
MPRegen  0.08/turn              (no ring)

@: mighty, tree-form (expiring)
A: stationary, stasis, torment immunity, boosted hp, permanent stasis, dig
shafts and tunnels, (antennae 3), four strong arms
a: no special abilities


You were on level 2 of the Dungeon.
You were a tree.
You visited 1 branch of the dungeon, and saw 2 of its levels.

You collected 59 gold pieces.

Inventory:

Hand Weapons
 a - a +0 long sword (weapon)
Armour
 b - a +0 scale mail (melded)
 c - a +0 kite shield (worn)
Scrolls
 e - a scroll of identify {unknown}
 g - a scroll of amnesia {unknown}


   Skills:
 * Level 3.6 Fighting
 + Level 2.1 Long Blades
 + Level 3.5 Armour
 * Level 0.3 Dodging
 * Level 1.1 Stealth
 + Level 4.0 Shields


You had 2 spell levels left.
You didn't know any spells.
Your spell library was empty.

Dungeon Overview and Level Annotations

Branches:
Dungeon (2/15)

Altars:

Annotations:
D:2 Sigmund


Innate Abilities, Weirdness & Mutations

You are a tree.
Your roots penetrate the ground, keeping you stationary.
You cannot be teleported.
You are immune to unholy pain and torment.
Your maximum health is greatly increased.
Your equipment is partially melded.
You cannot be hasted, slowed, berserked, paralysed or teleported.
You can dig through walls and to a lower floor.
((You have a pair of large antennae on your head. (SInv)))
Your four strong arms can wield two-handed weapons with a shield.


Message History

* * * LOW HITPOINT WARNING * * *
You nearly hit yourself!
You feel less confused. You block something's attack.
You miss something. Something hits you but does no damage.
You hit something. Something hits you.
* * * LOW HITPOINT WARNING * * *
You hear some strange, mumbled words.
A puff of flame appears from out of thin air!
The puff of flame hits you but does no damage.
You hit something. You block something's attack.
You closely miss something.
Something hits you but does no damage. x2
You closely miss something. You block something's attack.
You closely miss something. Something hits you.
* * * LOW HITPOINT WARNING * * *
You miss something. Something hits you but does no damage.
You block something's attack.
You miss something. Something hits you.
* * * LOW HITPOINT WARNING * * *
You closely miss something.
You hear some strange, mumbled words.
Something tries to affect you, but you resist.
Something hits you but does no damage.
You barely miss something.
You hear some strange, mumbled words.
A magic dart appears from out of thin air!
The magic dart hits you but does no damage.
You closely miss something. You block something's attack.
Something hits you but does no damage.
You barely miss something.
You hear some strange, mumbled words.
Something tries to affect you, but you resist.
You miss something.
Your transformation is almost over.
You hear some strange, mumbled words.
A puff of flame appears from out of thin air!
The puff of flame hits you.
* * * LOW HITPOINT WARNING * * *
Something hits you.
You die...

....##########...####.........##.
#.#.# #..### ##.......###. ###.#
..<..# ##.....## #. #.# #.##.#
##...## #. #.# # #.##.# ##'## #.
#.# #.#.##.# #†# #. #.#
#......#######.######. #.#
#.........##).....(##. #.#
#..##♣.##.##....##.### #.#
#....{.##.##.....#{
##.##.###.##....## #
#......#.#.###.# #####...........
#.##.#####.# #.##.# ..##..
########


There were no monsters in sight!

Vanquished Creatures
  2 ball pythons
  A bat (D:2)
  2 bat zombies (D:1)
  2 endoplasms (D:1)
  2 giant cockroaches
  4 goblins
  2 hobgoblins
  A kobold (D:1)
  A quokka (D:1)
  3 frilled lizards
  3 rats (D:1)
23 creatures vanquished.

Notes
Turn   | Place    | Note
-------+----------+-------------------------------------------
     0 | D:1      | robertstho the Formicid Fighter began the quest for the
                  | Orb.
     0 | D:1      | Reached XP level 1. HP: 18/18 MP: 1/1
   137 | D:1      | Reached XP level 2. HP: 24/24 MP: 2/2
   808 | D:1      | Reached skill level 1 in Stealth
  1087 | D:2      | Reached skill level 4 in Shields
  1087 | D:2      | Reached XP level 3. HP: 29/29 MP: 3/3
  1310 | D:2      | Noticed Sigmund
  1335 | D:2      | HP: 1/43 [something (5)]
  1340 | D:2      | HP: 1/43 [something/puff of flame (1)]
  1340 | D:2      | Slain by Sigmund

Illustrated notes

Levels and vault maps discovered:
D:1:      saegor_arrival_fortress, layout_loops_ring, hex_medium,
          serial_bayou_pond_c, minmay_misc_feat_nine_boxes
D:2:      layout_loops_corners, uniq_sigmund

Skill      XL: |  1  2 |
---------------+-------+-----
Stealth        | 1 |  1.1
Shields        | 4 |  4.0
Fighting       | |  3.6
Long Blades    | |  2.1
Armour         | |  3.5
Dodging        | |  0.3

Action                   || total
-------------------------++-------
Melee: Long sword        ||   101
  Use: Potion            ||     3
Armor: Scale mail        ||    48
       Skin              ||    12
Dodge: Dodged            ||    42
Block: Kite shield       ||    57
       Rpst.: Long sword ||    12
